 Dungeon Crawl Stone Soup version 0.19.1 (webtiles) character file.

6776 galech the Grappler (level 10, -2/95 HPs)
             Began as a Troll Monk on Dec 3, 2016.
             Was a Priest of Okawaru.
             Slain by an eight-headed hydra (13 damage)
             ... on level 1 of the Lair of Beasts on Dec 4, 2016.
             The game lasted 01:06:43 (8114 turns).

galech the Grappler (Troll Monk)                    Turns: 8114, Time: 01:06:44

Health: -2/95      AC:  7    Str: 28      XL:     10   Next: 76%
Magic:  9/9        EV: 13    Int:  3 (4)  God:    Okawaru [***...]
Gold:   430        SH:  0    Dex: 16      Spells: 0 memorised, 9 levels left

rFire  . . .     SeeInvis .       - Unarmed
rCold  . . .     Gourm    +     L - +2 robe {MR+}
rNeg   . . .     Faith    .     (no shield)
rPois  .         Spirit   .     (helmet restricted)
rElec  .         Reflect  .     (no cloak)
rCorr  .         Harm     .     (gloves unavailable)
MR     +....                    (boots unavailable)
Stlth  ++++......               (no amulet)
                                m - ring of Yhobrocw {Str+4 Stlth+}
                                z - +4 ring of dexterity

@: no status effects
A: unfitting armour, claws 3, rugged brown scales 1, deformed body,
deterioration 1, dopey 1, fast metabolism 3, gourmand, regeneration 1, shaggy
fur 1, tough skin 2
a: Heroism, Renounce Religion


You were on level 1 of the Lair of Beasts.
You worshipped Okawaru.
Okawaru was most pleased with you.
You were not hungry.

You visited 3 branches of the dungeon, and saw 11 of its levels.

You collected 731 gold pieces.
You spent 301 gold pieces at shops.

Inventory:

Hand Weapons
 l - a +4 quarterstaff of chaos
 s - a +0 flail
 C - a +0 giant club
 F - a +0 hunting sling
Armour
 H - a +0 animal skin
 L - a +2 robe of magic resistance (worn)
 M - a +0 robe
 N - a +1 robe
Jewellery
 e - an uncursed ring of stealth
 m - the ring of Yhobrocw (right claw) {Str+4 Stlth+}
   (You found it on level 6 of the Dungeon)

   [ring of stealth]

   It affects your strength (+4).
   It makes you more stealthy.
 t - an uncursed ring of positive energy
 z - a +4 ring of dexterity (left claw)
Wands
 j - a wand of digging (8/24)
 E - a wand of flame (39/48)
Scrolls
 d - 2 scrolls of enchant armour
 g - 8 scrolls of remove curse
 k - a scroll of fog
 n - 2 scrolls of noise
 p - 3 scrolls of enchant weapon
 r - 4 scrolls of blinking
 y - a scroll of teleportation {unknown}
 A - a scroll of immolation
 I - 2 scrolls of identify
 J - 3 scrolls of fear {unknown}
 K - a scroll of magic mapping {unknown}
 P - a scroll of acquirement {unknown}
 Q - a scroll of torment {unknown}
Potions
 c - a potion of brilliance {unknown}
 o - 2 potions of resistance
 u - 2 potions of berserk rage {unknown}
 v - a potion of heal wounds {unknown}
 x - 3 potions of curing {unknown}
 B - a potion of cure mutation {unknown}
 D - a potion of lignification {unknown}
 O - a potion of might {unknown}
Books
 a - a book of Changes

   Spells                             Type                      Level
   a - Beastly Appendage              Transmutation                1
   b - Sticks to Snakes               Transmutation                2
   c - Spider Form                    Transmutation/Poison         3
   d - Ice Form                       Ice/Transmutation            4
   e - Blade Hands                    Transmutation                5
 w - a book of Frost

   Spells                             Type                      Level
   a - Freeze                         Ice                          1
   b - Throw Frost                    Conjuration/Ice              2
   c - Ozocubu's Armour               Charms/Ice                   3
   d - Throw Icicle                   Conjuration/Ice              4
   e - Summon Ice Beast               Ice/Summoning                4
Comestibles
 b - 10 bread rations
 f - 6 meat rations
 h - 2 fruits
 i - 3 beef jerkies
 q - a slice of pizza
 G - a chunk of flesh


   Skills:
 + Level 4.2 Fighting
 + Level 5.6 Dodging
 + Level 4.5 Stealth
 + Level 13.0 Unarmed Combat


You had 9 spell levels left.
You didn't know any spells.

Dungeon Overview and Level Annotations

Branches:
Dungeon (9/15)             Temple (1/1) D:6            Lair (1/6) D:9
    Orc: D:9-12

Altars:
Ashenzari
Cheibriados
Dithmenos
Elyvilon
Fedhas
Gozag
Hepliaklqana
Kikubaaqudgha
Makhleb
Nemelex Xobeh
Okawaru
Qazlal
Ru
Sif Muna
Trog
Uskayaw
Vehumet
Xom
Yredelemnul
Zin
The Shining One

Shops:
D:6 [   D:7 !%%(

Annotations:
Lair:1 Prince Ribbit


Innate Abilities, Weirdness & Mutations

You are too large for most types of armour.
You have claws for hands.
Your metabolism is lightning-fast.
You like to eat raw meat.
Your natural rate of healing is unusually fast.
You are covered in fur. (AC +1)
You have very tough skin. (AC +2)
You are partially covered in rugged brown scales. (AC +1, +3% HP)
Armour fits poorly on your strangely shaped body.
Your body sometimes deteriorates upon taking damage.
You are dopey. (Int -2)


Message History

The eight-headed hydra roars!
You enter the shallow water.
Moving in this stuff is going to be slow.
The eight-headed hydra bites you. The eight-headed hydra bites you! x2
The eight-headed hydra bites you. The eight-headed hydra bites you!
The eight-headed hydra completely misses you.
The eight-headed hydra misses you. The eight-headed hydra bites you.
The eight-headed hydra bites you!
The eight-headed hydra closely misses you.
The eight-headed hydra bites you!
The eight-headed hydra bites you but does no damage.
The eight-headed hydra bites you.
* * * LOW HITPOINT WARNING * * *
The eight-headed hydra bites you.
* * * LOW HITPOINT WARNING * * *
The eight-headed hydra bites you but does no damage.
The eight-headed hydra bites you!
* * * LOW HITPOINT WARNING * * *
The eight-headed hydra bites you!
You die...

.≈≈.≈≈..≈..≈..####.......
≈.≈.≈≈..≈.≈.♣# #######..#
≈.≈≈..≈;..≈.♣##.# ###.
♣≈≈≈≈≈.....♣#P.### #####.
..≈..≈.≈≈..P#....###.##..
...≈≈.≈..♣...............
....♣.♣.♣#.............##
......#D##...........####
...#. #.@............# #.
.. .# ##.............# #.
# .. #.....>......## #.
#. #....>........# #.
#.............# #.
##..#...####### ##
########


You could see an eight-headed hydra and an electric eel.

Vanquished Creatures
  Erica (D:9)
  Joseph (D:7)
  A hippogriff (D:7)
  A blink frog (Lair:1)
  Eustachio (D:4)
  5 humans
  Menkaure (D:5)
  2 water moccasins
  An ice beast (D:5)
  3 black bears
  5 sky beasts
  5 orc warriors
  4 ogres
  A crocodile (D:9)
  A big kobold (D:9)
  2 elf skeletons (D:5)
  5 bullfrogs
  A wyvern zombie (D:6)
  A gnoll sergeant (D:6)
  4 scorpions
  10 wights
  2 howler monkeys
  A bullfrog zombie (D:4)
  4 crimson imps
  3 human zombies (D:5)
  2 jellies
  3 orc priests
  Crazy Yiuf (D:2)
  9 orc wizards
  4 hounds
  3 iguanas
  3 worker ants
  6 gnolls
  A howler monkey skeleton (D:5)
  9 adders
  A river rat (D:9)
  A shadow imp (D:8)
  2 oozes
  4 dart slugs
  5 leopard geckos
  33 orcs
  10 bats
  3 giant cockroaches
  12 goblins
  9 hobgoblins
  10 jackals
  4 quokkas (D:3)
  3 ball pythons
  A frilled lizard (D:1)
  2 jackal skeletons
  12 kobolds
  A leopard gecko zombie (D:8)
  An orc zombie (D:5)
  13 rats
  A plant (D:5)
235 creatures vanquished.

Vanquished Creatures (others)
  A fungus (D:9)
1 creature vanquished.

Grand Total: 236 creatures vanquished

Notes
Turn   | Place    | Note
-------+----------+-------------------------------------------
     0 | D:1      | galech the Troll Monk began the quest for the Orb.
     0 | D:1      | Reached XP level 1. HP: 22/22 MP: 0/0
   335 | D:1      | Reached XP level 2. HP: 27/29 MP: 1/1
   638 | D:2      | Reached XP level 3. HP: 32/36 MP: 2/2
   678 | D:2      | Found a runed door.
   682 | D:2      | Noticed Crazy Yiuf
   690 | D:2      | Killed Crazy Yiuf
   839 | D:2      | Found an opulent altar of Gozag.
   839 | D:2      | Found a sparkling altar of Nemelex Xobeh.
   839 | D:2      | Found a stormy altar of Qazlal.
   898 | D:2      | Found a basalt altar of Yredelemnul.
   939 | D:2      | Reached XP level 4. HP: 44/44 MP: 3/3
  1166 | D:2      | Reached skill level 4 in Unarmed Combat
  1921 | D:3      | Reached XP level 5. HP: 40/50 MP: 4/4
  2154 | D:4      | Reached XP level 6. HP: 57/59 MP: 5/5
  2169 | D:4      | Reached skill level 5 in Unarmed Combat
  2232 | D:4      | Noticed Eustachio
  2266 | D:4      | Killed Eustachio
  2399 | D:4      | Reached XP level 7. HP: 66/66 MP: 6/6
  2538 | D:5      | Entered Level 5 of the Dungeon
  2550 | D:5      | Reached skill level 6 in Unarmed Combat
  2602 | D:5      | Found a sand-covered staircase.
  2849 | D:5      | Found a sacrificial altar of Ru.
  2937 | D:5      | Noticed Menkaure
  2945 | D:5      | Killed Menkaure
  2945 | D:5      | Reached skill level 7 in Unarmed Combat
  3027 | D:5      | Reached XP level 8. HP: 75/75 MP: 7/7
  3456 | D:5      | Reached skill level 8 in Unarmed Combat
  3460 | D:5      | Gained mutation: Your body sometimes deteriorates upon taking damage. [mutagenic meat]
  4076 | D:6      | Reached skill level 9 in Unarmed Combat
  4146 | D:6      | Found Ythrumm's Antique Armour Boutique.
  4152 | D:6      | Found a hazy altar of Hepliaklqana.
  4200 | D:6      | Reached XP level 9. HP: 74/83 MP: 8/8
  4274 | D:6      | Reached skill level 10 in Unarmed Combat
  4312 | D:6      | Found a staircase to the Ecumenical Temple.
  4681 | D:6      | Got a coiled bone ring
  4683 | D:6      | Identified the ring of Yhobrocw {Str+4 Stlth+} (You found it on level 6 of the Dungeon)
  4798 | Temple   | Entered the Ecumenical Temple
  4936 | D:7      | Found Zeor's Food Shoppe.
  4947 | D:7      | Bought a slice of pizza for 21 gold pieces
  4947 | D:7      | Bought a bread ration for 70 gold pieces
  4947 | D:7      | Bought a bread ration for 70 gold pieces
  4947 | D:7      | Bought a bread ration for 70 gold pieces
  4947 | D:7      | Bought a bread ration for 70 gold pieces
  5051 | D:7      | Found a deep blue altar of Sif Muna.
  5223 | D:7      | Found a shimmering altar of Xom.
  5263 | D:7      | Found a radiant altar of Vehumet.
  5264 | D:7      | Noticed Joseph
  5294 | D:7      | Reached skill level 11 in Unarmed Combat
  5305 | D:7      | Gained mutation: Armour fits poorly on your strangely shaped body. [mutagenic meat]
  5330 | D:7      | Killed Joseph
  5500 | D:7      | Found Zaewosul's Weapon Emporium.
  5603 | D:7      | Found a glowing golden altar of the Shining One.
  5663 | D:7      | Reached skill level 5 in Dodging
  5802 | D:7      | Found Aczas's Distillery.
  5900 | D:7      | Found Rikoteusch's Food Boutique.
  5950 | D:8      | Reached XP level 10. HP: 92/92 MP: 9/9
  6842 | D:8      | Reached skill level 12 in Unarmed Combat
  7049 | D:8      | Found an iron altar of Okawaru.
  7078 | D:8      | Became a worshipper of Warmaster Okawaru
  7078 | D:8      | Reached * piety under Okawaru
  7078 | D:8      | Reached ** piety under Okawaru
  7321 | D:9      | Found a bloodstained altar of Trog.
  7638 | D:9      | Gained mutation: You are partially covered in rugged brown scales. (AC +1, +3% HP) [mutagenic meat]
  7640 | D:9      | Gained mutation: You are dopey. (Int -2) [mutagenic meat]
  7682 | D:9      | Noticed Erica
  7694 | D:9      | Killed Erica
  7833 | D:9      | Reached *** piety under Okawaru
  7851 | D:9      | Found a staircase to the Lair.
  7949 | Lair:1   | Entered Level 1 of the Lair of Beasts
  8046 | Lair:1   | Noticed Prince Ribbit
  8068 | Lair:1   | Reached skill level 13 in Unarmed Combat
  8106 | Lair:1   | Noticed an eight-headed hydra
  8114 | Lair:1   | Slain by an eight-headed hydra

Skill      XL: |  1  2  3  4  5  6  7  8  9 10 |
---------------+-------------------------------+-----
Dodging        | 3 4 5 |  5.6
Unarmed Combat | 4 5 7 9 11 13 | 13.0
Stealth        | 2 3 4 |  4.5
Fighting       | 3 4 |  4.2

Action                   |  1- 3 |  4- 6 |  7- 9 | 10-12 || total
-------------------------+-------+-------+-------+-------++-------
Melee: Unarmed           |    65 |   149 |   328 |   179 ||   721
       Punch             |       |     2 |     9 |     6 ||    17
  Use: Scroll            |       |       |     7 |     1 ||     8
 Stab: Sleeping          |     2 |     9 |     9 |     5 ||    25
  Eat: Chunk             |     6 |    11 |    28 |    22 ||    67
       Bread ration      |       |     1 |     2 |       ||     3
Armor: Robe              |    29 |    58 |    43 |    64 ||   194
       Animal skin       |       |       |     3 |       ||     3
Dodge: Dodged            |    50 |    95 |   127 |   146 ||   418
